 Dungeon Crawl Stone Soup version 0.28-a0-845-gfc338a8e3c (webtiles) character file.

Game seed: 6252859083048516108

33 croobank the Gusty (level 3, -6/14 HPs)
             Began as a Felid Air Elementalist on Nov 12, 2021.
             Was a Follower of Vehumet.
             Mangled by a worm (7 damage)
             ... on level 2 of the Dungeon.
             The game lasted 00:08:05 (1757 turns).

croobank the Gusty (Felid Air Elementalist)         Turns: 1757, Time: 00:08:06

Health: -6/14      AC:  1    Str:  5    XL:     3   Next: 12%
Magic:  4/7        EV: 17    Int: 16    God:    Vehumet [*.....]
Gold:   50         SH:  0    Dex: 16    Spells: 0/7 levels left
                                        Lives:  0   Deaths: 0

rFire   . . .      SeeInvis +   (weapon unavailable)
rCold   . . .      Faith    +   (shield unavailable)
rNeg    . . .      Spirit   .   (armour unavailable)
rPois   .          Reflect  .   (helmet unavailable)
rElec   .          Harm     .   (cloak unavailable)
rCorr   .          Rampage  .   (gloves unavailable)
Will    .....                   (boots unavailable)
Stlth   ++........              c - amulet of faith
HPRegen 0.04/turn               (no ring)
MPRegen 0.10/turn               (no ring)

@: brilliant, about to teleport, quick
A: very small, claws 1, fangs 3, see invisible, speed 1, shaggy fur 1, stealthy
paws, no weapons or thrown items, no armour, multi-lived
a: Renounce Religion


You were on level 2 of the Dungeon.
You worshipped Vehumet.
Vehumet was aware of your devotion.
You visited 1 branch of the dungeon, and saw 2 of its levels.

You collected 50 gold pieces.

Inventory:

Jewellery
 c - an amulet of faith (around neck)


   Skills:
 + Level 2.7 Dodging
 + Level 2.7 Stealth
 + Level 2.6 Spellcasting
 + Level 1.1 Conjurations
 + Level 3.3 Air Magic


You couldn't memorise any spells.
You knew the following spells:

 Your Spells              Type           Power      Damage    Failure   Level
a - Shock                 Conj/Air       52%        1d6       8%          1
b - Magic Dart            Conj           32%        1d4       12%         1
c - Static Discharge      Conj/Air       13%        N/A       12%         2
d - Swiftness             Air            19%        N/A       14%         3

Your spell library contained the following spells:

 Spells                   Type           Power      Damage    Failure   Level
 Airstrike                Air            9%         N/A       43%         4


Dungeon Overview and Level Annotations

Branches:
Dungeon (2/15)

Altars:
Vehumet


Innate Abilities, Weirdness & Mutations

You have sharp claws.
You have razor-sharp teeth.
You have supernaturally acute eyesight. (SInv)
You cover ground quickly. (Speed+)
You are covered in fur. (AC +1)
Your paws help you pounce on unaware monsters.
You are incapable of wielding weapons or throwing items.
You cannot wear armour.
You gain extra lives every three experience levels.


Message History

Ouch! That really hurt!
* * * LOW HITPOINT WARNING * * *
You scratch the worm.
The worm is moderately wounded.
You feel sluggish.
There is a stone staircase leading up here.
Magic restored.
You climb upwards.
There is a stone staircase leading down here.
You start resting.
You start to feel a little faster.
You start resting.
You no longer feel sluggish.
You start resting.
HP restored.
You climb downwards.
The worm bites you!
Ouch! That really hurt!
* * * LOW HITPOINT WARNING * * *
There is a stone staircase leading up here.
Aiming: Shock (safe; 8% risk of failure)
Press: ? - help, Q - select action, (/) - cycle Shift-Dir - straight line The zap hits the worm.
The worm is moderately wounded.
The zap hits the worm.
The worm is moderately wounded.
Casting: Shock (safe; 8% risk of failure)
Confirm with . or Enter, or press ? or * to list all spells.
The worm is struck by an arc of lightning.
The worm is severely wounded.
The lightning grounds out.
The worm bites you.
* * * LOW HITPOINT WARNING * * *
As you read the scroll of teleportation, it crumbles to dust.
You feel strangely unstable. The worm bites you but does no damage.
You barely miss the worm.
The worm is heavily wounded.
It was a potion of brilliance.
You feel clever all of a sudden. The worm bites you!
Ouch! That really hurt!
You die...

..# . ..# #.. #.######### ###
#.†. #.##.. ...# ##)#######
... #.##.# #.####........#
####.###.##.####........####.#
.........##.##@w...##...# #
†....)†.....##.#...######
####.......#..##.#.### .#
####....##......# .##
####÷#......## # ..#
###...#.###..# ... ..#
##.....#. #..###....
..###......#...#÷........
...##..###.#.#....?.#.r..


You could see a worm.

Vanquished Creatures
  A dart slug (D:2)
  3 ball pythons
  3 endoplasms (D:1)
  A giant cockroach (D:2)
  4 goblins
  3 hobgoblins (D:2)
  2 quokkas
  4 bats
  5 frilled lizards
  A kobold (D:1)
  A rat (D:2)
28 creatures vanquished.

Notes
Turn   | Place    | Note
-------+----------+-------------------------------------------
     0 | D:1      | croobank the Felid Air Elementalist began the quest for the
                  | Orb.
     0 | D:1      | Reached XP level 1. HP: 7/7 MP: 4/4
   178 | D:1      | Found a faded altar of an unknown god.
   181 | D:1      | Prayed at the altar of an unknown god.
   181 | D:1      | Became a worshipper of Vehumet
   181 | D:1      | Reached * piety under Vehumet
   181 | D:1      | Offered knowledge of Magic Dart by Vehumet.
   271 | D:1      | Learned a level 1 spell: Magic Dart
   369 | D:1      | Reached skill level 3 in Air Magic
   395 | D:1      | Reached XP level 2. HP: 11/11 MP: 4/6
  1301 | D:2      | Learned a level 2 spell: Static Discharge
  1317 | D:2      | Reached XP level 3. HP: 10/14 MP: 3/7
  1337 | D:2      | Reached skill level 1 in Conjurations
  1458 | D:2      | Learned a level 3 spell: Swiftness
  1757 | D:2      | Mangled by a worm

Illustrated notes

Levels and vault maps discovered:
D:1:      minmay_arrival_four_loops, layout_basic,
          chequers_ecumenical_altar_grove
D:2:      minmay_recursive_quarters, layout_loops_cross

Skill      XL: |  1  2  3 |
---------------+----------+-----
Air Magic      | 3 |  3.3
Conjurations   | 1 |  1.1
Dodging        | |  2.7
Stealth        | |  2.7
Spellcasting   | |  2.6

Action                   || total
-------------------------++-------
Melee: Unarmed           ||    28
       Bite              ||     2
 Cast: Shock             ||    40
       Magic Dart        ||     4
       Static Discharge  ||     2
       Swiftness         ||     1
  Use: Scroll            ||     4
       Potion            ||     1
Armor: Skin              ||     3
Dodge: Dodged            ||    25

Table legend: (Time is in decaauts)
 A = Elapsed time spent in this place.
 B = Non-inter-level travel time spent in this place.
 C = Inter-level travel time spent in this place.
 D = Time resting spent in this place.
 E = Time spent auto-exploring this place.
 F = Levels seen in this place.
 G = Mean time per level.
                   A        B        C        D        E       F      G
               +--------+--------+--------+--------+--------+-----+--------+
         Total |   1656 |   1637 |     19 |    772 |    683 |   2 |  828.0 |
       Dungeon |   1656 |   1637 |     19 |    772 |    683 |   2 |  828.0 |
               +--------+--------+--------+--------+--------+-----+--------+

Top non-repeatable levels by time:
     D:1: 914 daAuts
     D:2: 741 daAuts
